 Dungeon Crawl Stone Soup version 0.26.1-2-gb8aa6d0cf2 (webtiles) character file.

Game seed: 16305551029128777227

4833 Alarak the Jinx (level 10, 0/50 HPs)
             Began as a Deep Elf Conjurer on Feb 28, 2021.
             Was a Believer of Vehumet.
             Slain by Psyche
             ... wielding a +2 dagger of distortion
              (1 damage)
             ... on level 9 of the Dungeon.
             The game lasted 00:42:50 (11408 turns).

Alarak the Jinx (Deep Elf Conjurer)                Turns: 11408, Time: 00:42:50

Health: 0/50       AC:  2    Str:  4    XL:     10   Next: 25%
Magic:  5/27       EV: 13    Int: 27    God:    Vehumet [**....]
Gold:   575        SH:  0    Dex: 13    Spells: 15/31 levels left

rFire    + . .     SeeInvis .   z - staff of poison
rCold    . . .     Faith    +   (no shield)
rNeg     . . .     Spirit   .   A - +0 robe {Will+}
rPois    +         Reflect  .   (no helmet)
rElec    .         Harm     .   (no cloak)
rCorr    +         Rampage  .   (no gloves)
Will     ++...                  (no boots)
Stlth    ++........             a - amulet of faith
HPRegen  0.16/turn              w - ring of protection from fire
MPRegen  0.20/turn              x - ring of resist corrosion

@: no status effects
A: no striking features
a: Renounce Religion


You were on level 9 of the Dungeon.
You worshipped Vehumet.
Vehumet was pleased with you.
You visited 2 branches of the dungeon, and saw 10 of its levels.

You collected 575 gold pieces.

Inventory:

Hand Weapons
 l - a +1 dagger of speed
 p - a +3 quarterstaff of chaos
 v - the +5 long sword "Seanud" {holy, rF+ Dex+3}
   (You found it on level 5 of the Dungeon)

   It has been blessed by the Shining One to cause great damage to the undead
   and demons.
   It affects your dexterity (+3).
   It protects you from fire.
Armour
 b - a scarf of invisibility
 A - a +0 robe of willpower (worn)
Magical Staves
 z - an uncursed staff of poison (weapon)
Jewellery
 a - an amulet of faith (around neck)
 c - an uncursed amulet of guardian spirit
 w - a ring of protection from fire (left hand)
 x - a ring of resist corrosion (right hand)
Wands
 o - a wand of flame (23)
 q - a wand of paralysis (13)
 u - a wand of enslavement (12)
 B - a wand of iceblast (10)
Scrolls
 e - 3 scrolls of identify
 f - 3 scrolls of remove curse
 s - 2 scrolls of magic mapping
 t - 3 scrolls of teleportation
 y - 2 scrolls of enchant weapon
Potions
 d - 3 potions of degeneration
 g - 4 potions of haste
 h - a potion of invisibility
 i - a potion of might
 j - 2 potions of heal wounds
 k - 3 potions of flight
 m - a potion of curing
 n - a potion of lignification
 r - 2 potions of mutation


   Skills:
 + Level 2.9 Dodging
 - Level 2.4 Stealth
 - Level 11.0 Spellcasting
 + Level 7.5 Conjurations
 - Level 11.4 Hexes
 - Level 7.4 Translocations


You had 15 spell levels left.
You knew the following spells:

 Your Spells              Type           Power        Failure   Level
a - Magic Dart            Conj           100%         1%          1
b - Searing Ray           Conj           100%         1%          2
c - Dazzling Flash        Conj/Hex       100%         1%          3
d - Fulminant Prism       Conj/Hex       30%          1%          4
e - Iskenderun's Mystic   Conj/Tloc      53%          1%          4
f - Freeze                Ice            56%          3%          1
g - Foxfire               Conj/Fire      100%         1%          1

Your spell library contained the following spells:

 Spells                   Type           Power        Failure   Level


Dungeon Overview and Level Annotations

Branches:
Dungeon (9/15)             Temple (1/1) D:4
   Lair: D:8-11         Orc: D:9-12

Altars:
Ashenzari
Cheibriados
Dithmenos
Elyvilon
Fedhas
Kikubaaqudgha
Makhleb
Nemelex Xobeh
Qazlal
Ru
Uskayaw
Vehumet
Wu Jian
Xom
The Shining One
Jiyva

Portals:
Abyss: D:7

Annotations:
D:3 2 transporters
D:7 4 transporters, dscm's ghost, novice FoFi
D:9 Psyche


Message History

Something hits your fulminant prism.
Your fulminant prism detonates feebly.
Casting: Fulminant Prism (dangerous; 1% risk of failure)
Confirm with . or Enter, or press ? or * to list all spells.
Aiming: Fulminant Prism (dangerous; 1% risk of failure)
Press: ? - help, Dir - move target You conjure a prism of explosive energy!
A fulminant prism comes into view.
Casting: Fulminant Prism (dangerous; 1% risk of failure)
Confirm with . or Enter, or press ? or * to list all spells.
Aiming: Fulminant Prism (dangerous; 1% risk of failure)
Press: ? - help, Dir - move target You conjure a prism of explosive energy!
A fulminant prism comes into view.
Something hits you. Space bends around you. Something hits you.
Space warps horribly around you!!
* * * LOW HITPOINT WARNING * * *
Your fulminant prism crackles loudly.
Something hits you.
You die...

.............
.... ............
....##.../.......
...#.............
#.............)..
#...$............
#................
#.....(..........
#......@.[÷....^.
#.....†))........
###....[.[(.(....
#.......[......#
#......*.*(.....
#................
#................
#..........[.....


You could see 2 friendly fulminant prisms.

Vanquished Creatures
  2 two-headed ogres
  A steam dragon (D:7)
  Edmund (D:5)
  3 ice beasts
  2 orc warriors (D:6)
  A black bear (D:8)
  A sky beast (D:8)
  2 ogres
  2 centaurs (D:7)
  3 big kobolds
  2 bullfrogs (D:7)
  A troll zombie (D:8)
  A scorpion (D:7)
  7 wights
  3 howler monkeys
  A centaur zombie (D:7)
  4 human zombies (D:8)
  3 hounds
  Crazy Yiuf (D:3)
  10 orc priests
  10 orc wizards
  2 bullfrog skeletons
  An iguana (D:7)
  6 worker ants
  2 ogre zombies (D:8)
  A hound skeleton (D:7)
  2 mummies (D:8)
  Robin (D:3)
  7 gnolls (D:4)
  11 adders
  2 shadow imps
  2 white imps
  An ufetubus (D:8)
  An ooze (D:2)
  An adder skeleton (D:9)
  2 worms (D:2)
  2 dart slugs (D:1)
  3 leopard geckos
  27 orcs
  2 ball pythons
  4 bats
  9 giant cockroaches
  27 goblins
  9 hobgoblins
  7 jackals
  23 kobolds
  5 quokkas
  A ball python zombie (D:5)
  4 frilled lizards
  An orc skeleton (D:8)
  7 rats
234 creatures vanquished.

Vanquished Creatures (others)
  35 fulminant prisms
  2 plants (D:3)
37 creatures vanquished.

Grand Total: 271 creatures vanquished

Notes
Turn   | Place    | Note
-------+----------+-------------------------------------------
     0 | D:1      | Alarak the Deep Elf Conjurer began the quest for the Orb.
     0 | D:1      | Reached XP level 1. HP: 10/10 MP: 6/6
   147 | D:1      | Reached XP level 2. HP: 15/15 MP: 5/8
   150 | D:1      | Learned a level 2 spell: Searing Ray
   152 | D:1      | Reached skill level 5 in Conjurations
   938 | D:2      | Reached XP level 3. HP: 19/19 MP: 4/9
  1070 | D:2      | Reached XP level 4. HP: 15/24 MP: 4/10
  1362 | D:2      | Reached XP level 5. HP: 23/28 MP: 3/11
  1367 | D:2      | Learned a level 3 spell: Dazzling Flash
  1587 | D:2      | Found a burning altar of Makhleb.
  1632 | D:2      | Found a white marble altar of Elyvilon.
  2134 | D:2      | Found a snail-covered altar of Cheibriados.
  2542 | D:3      | Reached skill level 5 in Spellcasting
  2691 | D:3      | Found a transporter.
  2901 | D:3      | Found a runed translucent door.
  2902 | D:3      | Noticed Crazy Yiuf
  3080 | D:3      | Found a transporter.
  3097 | D:3      | Reached XP level 6. HP: 32/32 MP: 14/16
  3341 | D:3      | Noticed Robin
  3344 | D:3      | Killed Robin
  3351 | D:3      | Learned a level 4 spell: Fulminant Prism
  3607 | D:3      | Found a faded altar of an unknown god.
  3825 | D:3      | Killed Crazy Yiuf
  4220 | D:4      | Found a stormy altar of Qazlal.
  4223 | D:4      | Noticed a water elemental
  4224 | D:4      | Noticed an air elemental
  4224 | D:4      | Noticed a fire elemental
  4376 | D:4      | Found a staircase to the Ecumenical Temple.
  4377 | D:4      | Found a glowing golden altar of the Shining One.
  4626 | D:4      | Reached XP level 7. HP: 36/36 MP: 14/20
  5004 | D:4      | Reached skill level 1 in Hexes
  5292 | D:5      | Entered Level 5 of the Dungeon
  5599 | D:5      | Noticed Edmund
  5607 | D:5      | Killed Edmund
  5608 | D:5      | Reached skill level 5 in Hexes
  5843 | D:5      | Got a polished long sword
  5844 | D:5      | Identified the +5 long sword "Seanud" {holy, rF+ Dex+3}
                  | (You found it on level 5 of the Dungeon)
  6022 | D:5      | Reached XP level 8. HP: 41/41 MP: 14/22
  6030 | D:5      | Learned a level 4 spell: Iskenderun's Mystic Blast
  6125 | D:5      | Found a broken altar of Ashenzari.
  6459 | Temple   | Entered the Ecumenical Temple
  6468 | Temple   | Became a worshipper of Vehumet
  6730 | D:6      | Noticed a two-headed ogre
  6740 | D:6      | Killed a two-headed ogre
  6741 | D:6      | Reached skill level 10 in Hexes
  7630 | D:6      | Found a shadowy altar of Dithmenos.
  7776 | D:7      | Reached XP level 9. HP: 45/45 MP: 17/23
  7844 | D:7      | Found a transporter.
  7848 | D:7      | Found a transporter.
  7885 | D:7      | Noticed a skeletal warrior
  8226 | D:7      | Reached * piety under Vehumet
  8226 | D:7      | Offered knowledge of Freeze by Vehumet.
  8276 | D:7      | Reached skill level 10 in Spellcasting
  8755 | D:7      | Found a transporter.
  8769 | D:7      | Noticed dscm's ghost (novice FoFi)
  8772 | D:7      | Found a one-way gate to the infinite horrors of the Abyss.
  8780 | D:7      | Noticed a toenail golem
  8886 | D:7      | Found a hide-covered altar of Uskayaw.
  9124 | D:7      | Found a transporter.
  9407 | D:8      | Reached skill level 1 in Translocations
  9852 | D:8      | Learned a level 1 spell: Freeze
  9919 | D:8      | Found a shimmering altar of Xom.
  9921 | D:8      | Found a shimmering altar of Xom.
  9923 | D:8      | Found a shimmering altar of Xom.
  9923 | D:8      | Found a shimmering altar of Xom.
  9924 | D:8      | Found a shimmering altar of Xom.
  9924 | D:8      | Found a shimmering altar of Xom.
  9926 | D:8      | Noticed a two-headed ogre
  9936 | D:8      | Reached skill level 5 in Translocations
  9938 | D:8      | Killed a two-headed ogre
  9939 | D:8      | Reached XP level 10. HP: 5/50 MP: 17/27
 10237 | D:8      | Reached ** piety under Vehumet
 10237 | D:8      | Offered knowledge of Foxfire by Vehumet.
 10240 | D:8      | Learned a level 1 spell: Foxfire
 10434 | D:8      | Found a radiant altar of Vehumet.
 10584 | D:8      | Found an ancient bone altar of Kikubaaqudgha.
 11246 | D:9      | Noticed Psyche
 11407 | D:9      | HP: 1/50 [something (19)]
 11408 | D:9      | Slain by Psyche

Illustrated notes

Levels and vault maps discovered:
D:1:      onia_arrival_pyramid, layout_loops_ring
D:2:      layout_rooms, old_standard_altar, overflow_temple_1_default,
          lemuel_round_altar
D:3:      gammafunk_steamed_eel, layout_loops_cross,
          chequers_ecumenical_altar_lobes, grunt_decor_resistance,
          uniq_crazy_yiuf_cottage, uniq_robin
D:4:      layout_loops_ring, nicolae_overflow_hidden_temple,
          minmay_temple_entry_proselytizer, nicolae_qazlal_style_of_elements
D:5:      layout_basic, nicolae_ashenzari_panopticon, uniq_edmund
D:6:      layout_basic, kennysheep_little_box
D:7:      layout_basic, gammafunk_temple_overflow_arena,
          gammafunk_ghost_abyssal_escape
D:8:      layout_basic, lemuel_mausoleum_altar_kikubaaqudgha, xom_shifter_show,
          vehumet_altar_wand_db
D:9:      layout_cross, gammafunk_temple_overflow_pools, serial_shops,
          nicolae_shop_crystal, uniq_pikel, uniq_psyche
Temple:   pf_slimified_temple

Skill      XL: |  1  2  3  4  5  6  7  8  9 10 |
---------------+-------------------------------+-----
Conjurations   | 5 6 7 |  7.5
Spellcasting   | 5 7 8 11 | 11.0
Hexes          | 6 11 | 11.4
Translocations | 6 7 |  7.4
Dodging        | |  2.9
Stealth        | |  2.4

Action                   |  1- 3 |  4- 6 |  7- 9 | 10-12 || total
-------------------------+-------+-------+-------+-------++-------
Melee: Short sword       |       |     5 |       |       ||     5
       Staff             |       |       |     1 |       ||     1
 Cast: Magic Dart        |    15 |   100 |    64 |     6 ||   185
       Searing Ray       |    12 |    43 |    37 |     6 ||    98
       Fulminant Prism   |       |       |    28 |     9 ||    37
       Iskenderun's Myst |       |       |     4 |    16 ||    20
       Freeze            |       |       |     1 |       ||     1
  Use: Scroll            |       |     4 |     8 |    11 ||    23
       Potion            |       |       |       |     1 ||     1
Armor: Robe              |       |     3 |       |     2 ||     5
Dodge: Dodged            |     1 |    18 |    23 |    17 ||    59
       Rpst.: Long sword |       |       |     1 |       ||     1
